 Dungeon Crawl Stone Soup version 0.19-a0-1670-gc28a5d9 (console) character file.

447 vible the Basher (level 7, 0/70 HPs)
             Began as an Ogre Abyssal Knight on Sept 21, 2016.
             Was a Believer of Lugonu.
             Slain by a hound (2 damage)
             ... on level 4 of the Dungeon on Sept 22, 2016.
             The game lasted 00:11:00 (3747 turns).

vible the Basher (Ogre Abyssal Knight)              Turns: 3747, Time: 00:11:01

Health: 0/70       AC:  3    Str: 18    XL:     7   Next: 3%
Magic:  9/9        EV: 10    Int: 11    God:    Lugonu [**....]
Gold:   171        SH:  0    Dex: 11    Spells: 0 memorised, 6 levels left

rFire  . . .     SeeInvis +     a - +0 flail
rCold  . . .     Gourm    .     b - +0 robe
rNeg   . . .     Faith    .     (no shield)
rPois  +         Spirit   .     (helmet restricted)
rElec  .         Dismiss  .     (no cloak)
rCorr  .         Reflect  .     (gloves unavailable)
MR     .....     Harm     .     (boots unavailable)
Stlth  +.........               (no amulet)
                                P - ring of poison resistance
                                v - ring of see invisible

@: no status effects
A: unfitting armour, tough skin 1
a: Depart the Abyss, Bend Space, Renounce Religion


You were on level 4 of the Dungeon.
You worshipped Lugonu.
Lugonu was pleased with you.
You were not hungry.

You visited 1 branch of the dungeon, and saw 4 of its levels.
You visited the Abyss 1 time.

You collected 171 gold pieces.


Innate Abilities, Weirdness & Mutations

You are too large for most types of armour.
You have tough skin. (AC +1)


   Skills:
 - Level 4.0 Fighting
 * Level 9.1 Maces & Flails
 - Level 2.1 Dodging
 - Level 3.0 Invocations


You had 6 spell levels left.
You didn't know any spells.

Inventory:

Hand Weapons
 a - a +0 flail (weapon)
 p - a +1 mace
Missiles
 g - 94 stones (quivered)
Armour
 b - a +0 robe (worn)
Jewellery
 v - a ring of see invisible (left hand)
 I - a +3 ring of intelligence
 P - a ring of poison resistance (right hand)
Wands
 e - a wand of paralysis (7/24)
Scrolls
 d - 3 scrolls of identify {unknown}
 f - 3 scrolls of noise {unknown}
 i - a scroll of amnesia {unknown}
 k - a scroll of remove curse {unknown}
 l - 3 scrolls of magic mapping {unknown}
 o - 2 scrolls of teleportation {unknown}
 q - a scroll of fog {unknown}
 t - a scroll of fear {unknown}
 w - a scroll of recharging {unknown}
 x - a scroll of random uselessness {unknown}
Potions
 n - 2 potions of brilliance
Comestibles
 c - 2 bread rations {@e1}
 h - 3 slices of pizza {@e2}
 j - 2 meat rations {@e1}
 m - 2 fruits {@e2}
 u - 3 chunks of flesh

############
#..........#
#..........#########
#..>................
###........#########
#........#
#...###### #...#
#@### #h# #####
#.########.h....
#....a...ยง......
##########......
..... .... ###


You could see a hound.


Message History

Eustachio is heavily wounded.
Eustachio hits you but does no damage.
You sock Eustachio!
Eustachio is heavily wounded.
Eustachio casts a spell.
You miss Eustachio.
Eustachio is heavily wounded.
Eustachio closely misses you.
You thump Eustachio!
You kill Eustachio!
Lugonu accepts your kill.
The iron imp disappears in a puff of smoke! x2
The river rat disappears in a puff of smoke!
Your Maces & Flails skill increases to level 9!
You have reached level 7!
You closely miss the hound. The hound bites you.
* * * LOW HITPOINT WARNING * * *
You closely miss the hound. The hound bites you.
* * * LOW HITPOINT WARNING * * *
The hound closely misses you.
You hit the hound.
The hound is lightly wounded.
The hound bites you but does no damage.
You hit the hound.
The hound is lightly wounded.
The hound closely misses you. x2
You miss the hound.
The hound is lightly wounded.
The hound bites you.
You die...

Action                   |  1- 3 |  4- 6 |  7- 9 || total
-------------------------+-------+-------+-------++-------
Melee: Mace              |   103 |    17 |       ||   120
       Flail             |       |   145 |     5 ||   150
Invok: Depart the Abyss  |     1 |       |       ||     1
  Use: Potion            |       |     4 |       ||     4
 Stab: Sleeping          |     1 |       |       ||     1
  Eat: Chunk             |     2 |     7 |       ||     9
Armor: Robe              |    36 |    28 |     1 ||    65
Dodge: Dodged            |    58 |    66 |     3 ||   127

Vault maps used:
D:1:      scummos_arrival_checkerplants, serial_co_window_serial,
          co_window_corner_a, co_window_corner_a, co_window_corner_a,
          co_window_paths_b, co_window_of_opportunity_a, co_window_cross_1,
          co_window_paths_a, co_window_unsneaky_path_e, co_window_corner_b,
          co_window_cross_2, co_window_unsneaky_path_a, co_window_4corner_a,
          glass_columns_a, glass_columns_b, glass_columns_a, glass_columns_c,
          glass_columns_a
D:2:      xom_redecorated, okawaru_ov_weapons_minmay,
          nicolae_dithmenos_shadow_blocks
D:3:      first_bread, minivault_4, uniq_iyjb
D:4:      nicolae_gozag_cash_rules_everything_around_me,
          nicolae_overflow_crystal_walls, kiku_gazebo_garden_becter,
          serial_shops, shop, uniq_eustachio

Notes
Turn   | Place    | Note
-------+----------+-------------------------------------------
     0 | Abyss:1  | vible the Ogre Abyssal Knight began the quest for the Orb.
     0 | Abyss:1  | Reached XP level 1. HP: 24/24 MP: 2/2
    94 | Abyss:1  | Noticed a guardian serpent
   103 | D:1      | You pass through the gate.
   103 | D:1      | Escaped the Abyss
   221 | D:1      | Reached skill level 3 in Maces & Flails
   251 | D:1      | Reached XP level 2. HP: 28/32 MP: 3/3
   649 | D:1      | Reached skill level 4 in Maces & Flails
   814 | D:1      | Reached * piety under Lugonu
   995 | D:1      | Reached XP level 3. HP: 36/39 MP: 4/4
  1256 | D:2      | Reached skill level 5 in Maces & Flails
  1422 | D:2      | Found an iron altar of Okawaru.
  1450 | D:2      | Found a shimmering altar of Xom.
  1467 | D:2      | Found a shimmering altar of Xom.
  1473 | D:2      | Found a shimmering altar of Xom.
  1473 | D:2      | Found a shimmering altar of Xom.
  1473 | D:2      | Found a shimmering altar of Xom.
  1530 | D:2      | Reached ** piety under Lugonu
  1532 | D:2      | Reached XP level 4. HP: 36/48 MP: 5/5
  1543 | D:2      | Found a shadowy altar of Dithmenos.
  1987 | D:3      | Noticed Ijyb
  2002 | D:3      | Killed Ijyb
  2002 | D:3      | Reached skill level 6 in Maces & Flails
  2167 | D:3      | Reached XP level 5. HP: 46/54 MP: 6/6
  2168 | D:3      | Noticed braks's ghost (amateur DrMo)
  2971 | D:3      | Reached skill level 7 in Maces & Flails
  3168 | D:4      | Found Jom Qoz's Weapon Shop.
  3182 | D:4      | Found an ancient bone altar of Kikubaaqudgha.
  3230 | D:4      | Found a sacrificial altar of Ru.
  3303 | D:4      | Found an opulent altar of Gozag.
  3380 | D:4      | Reached skill level 3 in Invocations
  3380 | D:4      | Reached XP level 6. HP: 35/62 MP: 8/8
  3671 | D:4      | Reached skill level 8 in Maces & Flails
  3696 | D:4      | Noticed Eustachio
  3729 | D:4      | HP: 2/62 [Eustachio/falchion (6)]
  3734 | D:4      | HP: 1/62 [Eustachio/falchion (3)]
  3742 | D:4      | Killed Eustachio
  3742 | D:4      | Reached skill level 9 in Maces & Flails
  3742 | D:4      | Reached XP level 7. HP: 3/70 MP: 9/9
  3743 | D:4      | HP: 2/70 [hound (1)]
  3747 | D:4      | Slain by a hound

Vanquished Creatures
  Eustachio (D:4)
  3 orc priests
  Ijyb (D:3)
  4 worker ants
  5 worms
  3 dart slugs
  2 leopard geckos
  9 orcs
  2 giant cockroaches
  9 goblins
  3 hobgoblins
  12 jackals
  A ball python (D:2)
  7 bats
  A frilled lizard (D:2)
  7 kobolds
  A quokka skeleton (D:4)
  5 rats
76 creatures vanquished.
